 Dungeon Crawl Stone Soup version 0.27.1-1-g398f81649c (webtiles) character file.

Game seed: 12333955265911836332

1287 speeev33 the Chopper (level 8, -5/73 HPs)
             Began as a Hill Orc Fighter on Sept 17, 2021.
             Slain by an ogre (19 damage)
             ... on level 5 of the Dungeon.
             The game lasted 00:06:18 (5786 turns).

speeev33 the Chopper (Hill Orc Fighter)             Turns: 5786, Time: 00:06:18

Health: -5/73      AC: 12    Str: 21    XL:     8   Next: 55%
Magic:  17/17      EV:  6    Int:  8    God:
Gold:   212        SH: 10    Dex: 14    Spells: 7/7 levels left

rFire    . . .     SeeInvis .   a - +1 war axe
rCold    . . .     Faith    .   c - +0 kite shield
rNeg     . . .     Spirit   .   b - +0 chain mail of Indomitability {rPois MP+9 Dex+4}
rPois    +         Reflect  .   (no helmet)
rElec    .         Harm     .   (no cloak)
rCorr    .         Rampage  .   h - +1 pair of gloves
Will     .....                  (no boots)
Stlth    ..........             (no amulet)
HPRegen  0.22/turn              (no ring)
MPRegen  0.15/turn              (no ring)

@: no status effects
A: no striking features
a: no special abilities


You were on level 5 of the Dungeon.
You visited 1 branch of the dungeon, and saw 5 of its levels.

You collected 212 gold pieces.

Inventory:

Hand Weapons
 a - a +1 war axe (weapon)
Armour
 b - the +0 chain mail of Indomitability (worn) {rPois MP+9 Dex+4}
   (You found it on level 5 of the Dungeon)

   Dex:       It affects your dexterity (+4).
   rPois:     It protects you from poison.
   MP:        It affects your magic capacity (+9).
 c - a +0 kite shield (worn)
 h - a +1 pair of gloves (worn)
Scrolls
 k - a scroll of teleportation
 l - a scroll of enchant weapon
Potions
 d - a potion of might
 e - 2 potions of curing {unknown}
 f - a potion of cancellation {unknown}
 g - 2 potions of attraction {unknown}
 i - a potion of haste {unknown}


   Skills:
 + Level 7.0 Fighting
 + Level 7.1 Axes
 + Level 6.4 Armour
 + Level 6.3 Shields


You had 7 spell levels left.
You didn't know any spells.
Your spell library was empty.

Dungeon Overview and Level Annotations

Branches:
Dungeon (5/15)
 Temple: D:4-7

Altars:
Elyvilon
Wu Jian
The Shining One


Message History

You start resting.
HP restored.
You now have 212 gold pieces (gained 14).
Nothing quivered!
Items here: ))) [[ ††.
Things that are here:
a +0 mace; a +0 ring mail An ogre comes into view.
It is wielding a +0 giant club.
An ogre is nearby!
The ogre shouts!
You hear a bark!
You hit the ogre.
The ogre is lightly wounded.
You block the ogre's attack.
You slash the ogre!
The ogre is heavily wounded.
You block the ogre's attack.
You hit the ogre.
The ogre is heavily wounded.
The ogre hits you with a +0 giant club!
You hit the ogre but do no damage.
The ogre is heavily wounded.
The ogre barely misses you.
You hit the ogre.
The ogre is heavily wounded.
The ogre hits you with a +0 giant club!
You closely miss the ogre.
The ogre is heavily wounded.
You block the ogre's attack.
You slash the ogre!
The ogre is severely wounded.
The ogre hits you with a +0 giant club!
You barely miss the ogre.
The ogre is severely wounded.
The ogre hits you with a +0 giant club!!
* * * LOW HITPOINT WARNING * * *
A bullfrog zombie comes into view.
You barely miss the ogre.
The ogre is severely wounded.
The ogre hits you with a +0 giant club!!
You die...

#... #..##.. ... . #..##..
.. . #. #..# ..### .. .. #.
#..# ...###.#... #..####
#..# ........# #.....# #..#
#.#.....##
###...#####..#####.#.Z.....
....#.....##.)).@O.......#
..#.##.##..#...####.##.#.#
# #...............#.# #
.............##.#.#
######.##........#.# #
#.###.....#...# .#
#.......#.....#.###
###.....##..#......
##.#.#.###...#.##


You could see an ogre and a bullfrog zombie.

Vanquished Creatures
  A wyvern (D:4)
  Menkaure (D:5)
  3 ogres
  A centaur (D:4)
  A phantom (D:2)
  A water moccasin zombie (D:5)
  3 scorpions
  A crimson imp (D:3)
  A hound (D:4)
  An orc priest (D:4)
  A jelly (D:5)
  3 iguanas
  2 orc wizards (D:4)
  5 adders
  An adder skeleton (D:4)
  A worm (D:3)
  3 dart slugs
  5 orcs
  4 bats
  3 endoplasms
  5 giant cockroaches
  5 goblins
  10 hobgoblins
  4 jackals
  7 kobolds
  A quokka (D:1)
  5 ball pythons
  2 frilled lizards
  A goblin skeleton (D:3)
  3 goblin zombies (D:3)
  2 hobgoblin zombies (D:3)
  An orc skeleton (D:3)
  4 rats
92 creatures vanquished.

Vanquished Creatures (others)
  An orc wizard (D:4)
1 creature vanquished.

Grand Total: 93 creatures vanquished

Notes
Turn   | Place    | Note
-------+----------+-------------------------------------------
     0 | D:1      | speeev33 the Hill Orc Fighter began the quest for the Orb.
     0 | D:1      | Reached XP level 1. HP: 19/19 MP: 1/1
    32 | D:1      | Reached XP level 2. HP: 25/27 MP: 2/2
   617 | D:1      | Reached XP level 3. HP: 27/33 MP: 3/3
   774 | D:1      | Found a faded altar of an unknown god.
  1362 | D:2      | Noticed a phantom
  1371 | D:2      | Killed a phantom
  1372 | D:2      | Reached XP level 4. HP: 41/41 MP: 4/4
  1663 | D:2      | Reached XP level 5. HP: 44/47 MP: 5/5
  1781 | D:2      | Found an ornate altar of the Wu Jian Council.
  2737 | D:3      | Found a glowing golden altar of the Shining One.
  3279 | D:4      | Reached skill level 5 in Fighting
  3279 | D:4      | Reached XP level 6. HP: 52/56 MP: 6/6
  3418 | D:4      | Found a white marble altar of Elyvilon.
  3566 | D:4      | Reached skill level 5 in Axes
  3711 | D:4      | Reached skill level 5 in Armour
  4015 | D:4      | Reached skill level 5 in Shields
  4015 | D:4      | Reached XP level 7. HP: 16/61 MP: 7/7
  4023 | D:3      | HP: 3/61 [poisoned by an orc priest]
  4331 | D:4      | Noticed a wyvern
  4343 | D:4      | Killed a wyvern
  5040 | D:4      | Reached XP level 8. HP: 46/71 MP: 8/8
  5213 | D:5      | Entered Level 5 of the Dungeon
  5498 | D:5      | Identified the +0 chain mail of Indomitability {rPois MP+9
                  | Dex+4}
  5644 | D:5      | Noticed Menkaure
  5650 | D:5      | Killed Menkaure
  5786 | D:5      | Slain by an ogre

Illustrated notes

Levels and vault maps discovered:
D:1:      lemuel_arrival_lava_pool, layout_basic,
          ebering_ecumenical_altar_sacrificial, st_stairs_13
D:2:      layout_basic, basic_altar
D:3:      minmay_skewed_foursquare, layout_loops_corners,
          nicolae_tso_besieged_by_evil, grunt_ministairs_8
D:4:      layout_loops_cross, elyvilon_altar_5, minmay_misc_feat_square,
          kennysheep_pointless_box, dk_noncrumbling_4, nicolae_underground_beach
D:5:      layout_rooms, zin_academy, temple_statues, grunt_ministairs_2,
          minmay_misc_feat_roman, serial_bayou_lake_a, uniq_menkaure

Skill      XL: |  1  2  3  4  5  6  7  8 |
---------------+-------------------------+-----
Axes           | 3 4 5 6 7 |  7.1
Fighting       | 4 5 6 7 |  7.0
Armour         | 4 5 6 |  6.4
Shields        | 4 5 6 |  6.3

Action                   |  1- 3 |  4- 6 |  7- 9 || total
-------------------------+-------+-------+-------++-------
Melee: War axe           |    72 |   117 |    99 ||   288
Throw: Throwing net      |       |       |     1 ||     1
  Use: Scroll            |     2 |     1 |       ||     3
       Potion            |       |     1 |       ||     1
Armor: Scale mail        |    32 |    28 |       ||    60
       Chain mail        |       |    38 |    34 ||    72
Dodge: Dodged            |    15 |    40 |    20 ||    75
Block: Kite shield       |    29 |    80 |    44 ||   153
